 Dungeon Crawl Stone Soup version 0.29.0-11-gd7f09526c8 (webtiles) character file.

Game seed: 12826340800915562885

2202 greasedhog the Covert (level 9, -4/76 HPs)
             Began as a Deep Elf Abyssal Knight on Sept 7, 2022.
             Was a Priest of Lugonu.
             Slain by a killer bee (5 damage)
             ... on level 6 of the Dungeon.
             The game lasted 00:12:53 (8286 turns).

greasedhog the Covert (Deep Elf Abyssal Knight)     Turns: 8286, Time: 00:12:53

Health: -4/76      AC:  6    Str: 10    XL:     9   Next: 12%
Magic:  16/16      EV: 13    Int: 16    God:    Lugonu [***...]
Gold:   158        SH:  0    Dex: 25    Spells: 8/8 levels left

rFire   . . .      SeeInvis +   a - +2 short sword (drain)
rCold   . . .      Faith    .   (no shield)
rNeg    . . .      Spirit   .   q - +0 leather armour
rPois   .          Reflect  .   e - +1 helmet
rElec   .          Harm     .   n - +0 cloak
rCorr   .          Rampage  .   (no gloves)
Will    .....                   (no boots)
Stlth   ..........              i - amulet of the acrobat
HPRegen 0.22/turn               c - ring of see invisible
MPRegen 0.15/turn               k - +6 ring of dexterity

@: berserking, very quick
A: wild magic 1
a: Renounce Religion, Depart the Abyss, Bend Space, Banish


You were on level 6 of the Dungeon.
You worshipped Lugonu.
Lugonu was most pleased with you.
You visited 1 branch of the dungeon, and saw 6 of its levels.
You visited the Abyss 1 time.

You collected 353 gold pieces.
You spent 195 gold pieces at shops.

Inventory:

Hand Weapons
 a - a +2 short sword of draining (weapon)
 b - a +2 dagger of venom
 f - a -3 quick blade
Armour
 e - a +1 helmet (worn)
 n - a +0 cloak (worn)
 q - a +0 leather armour (worn)
Jewellery
 c - a ring of see invisible (left hand)
 g - a +6 ring of strength
 i - an amulet of the acrobat (around neck)
 k - a +6 ring of dexterity (right hand)
 t - a +6 ring of dexterity
Wands
 r - a wand of roots (1)
Scrolls
 h - 4 scrolls of teleportation
 j - 3 scrolls of poison
 p - a scroll of butterflies
 u - a scroll of amnesia
Potions
 l - a potion of might
 m - a potion of resistance


   Skills:
 * Level 3.2 Fighting
 * Level 7.7 Short Blades
 - Level 0.7 Armour
 - Level 2.4 Dodging
 - Level 9.1 Stealth
 * Level 6.7 Invocations


You had 8 spell levels left.
You didn't know any spells.
Your spell library contained the following spells:

 Spells                   Type           Power      Damage    Failure   Level
 Slow                     Hex            0%         N/A       43%         1
 Sublimation of Blood     Necr           0%         N/A       54%         2
 Confusing Touch          Hex            0%         N/A       78%         3
 Vampiric Draining        Necr           0%         2d6       78%         3
 Fulminant Prism          Conj/Hex       0%         3d6       99%         4
 Iskenderun's Mystic Bla  Conj/Tloc      0%         2d3       99%         4
 Petrify                  Tmut/Erth      0%         N/A       99%         4
 Irradiate                Conj/Tmut      0%         3d11      100%        5
 Lee's Rapid Deconstruct  Erth           0%         3d5*      100%        5
 Dispersal                Tloc           0%         N/A       100%        6
 Disjunction              Tloc           0%         N/A       100%        8


Dungeon Overview and Level Annotations

Branches:
Dungeon (6/15)             Temple (0/1) D:4

Altars:
Fedhas
Hepliaklqana

Shops:
D:4 (*   D:6 *


Innate Abilities, Weirdness & Mutations

Your spells are a little harder to cast, but a little more powerful.


Message History

* * * LOW HITPOINT WARNING * * *
You feel sick. The killer bee stings your butterfly.
Your butterfly dies!
Your butterfly disappears in a burst of colours!
The killer bee stings your butterfly.
Your butterfly dies!
Your butterfly disappears in a burst of colours!
It was a potion of mutation.
You feel extremely strange.
You feel less in control of your magic.
* * * LOW HITPOINT WARNING * * *
You feel sick.
The killer bee barely misses your butterfly.
It was a potion of berserk rage.
A red film seems to cover your vision as you go berserk!
You feel yourself moving faster!
You feel mighty!
* * * LOW HITPOINT WARNING * * *
You feel sick.
The killer bee stings you but does no damage. x2
You miss the killer bee.
The killer bee is severely wounded.
The killer bee stings you but does no damage.
You puncture the killer bee!
You kill the killer bee!
Lugonu accepts your kill.
* * * LOW HITPOINT WARNING * * *
You feel sick. The killer bee stings your butterfly!
Your butterfly dies!
Your butterfly disappears in a burst of colours!
You swap places.
You feel a strong urge to attack something.
* * * LOW HITPOINT WARNING * * *
You feel sick.
You are no longer poisoned.
You hit the killer bee.
The killer bee is moderately wounded.
The killer bee stings you but does no damage.
You miss the killer bee.
The killer bee is moderately wounded.
The killer bee stings you.
You die...

.......#####.##...#
#.##.#
...###.......#..#.#
#.# ###
#####..##..#.## #.#
#......#..
##......#.###
#####..##.b.....
#......##.###.#
####.#.####bb##..#
)..........†.by@.#
###....#####†#####
#...## #†# ....#
#.# #... #)# ...
#.# .. #.# ..# ###


You could see a killer bee.

Vanquished Creatures
  Pikel (D:5)
  Menkaure (D:4)
  Duvessa (D:5)
  3 ice beasts
  3 black bears
  A sky beast (D:6)
  An ogre (D:6)
  A phantom (D:5)
  2 scorpions
  Dowan (D:5)
  3 killer bees (D:6)
  A jelly (D:4)
  2 orc priests (D:6)
  2 hounds (D:5)
  3 orc wizards
  Ijyb (D:5)
  6 adders
  2 worms
  The ghost of TheBeaver the Sneak, a weakling DsDe (D:5)
  13 orcs
  3 bats
  8 endoplasms
  2 giant cockroaches
  8 goblins
  8 hobgoblins
  8 jackals
  10 kobolds
  2 quokkas
  7 ball pythons
  5 frilled lizards
  7 rats
117 creatures vanquished.

Notes
Turn   | Place    | Note
-------+----------+-------------------------------------------
     0 | Abyss:1  | greasedhog the Deep Elf Abyssal Knight began the quest for
                  | the Orb.
     0 | Abyss:1  | Reached XP level 1. HP: 13/13 MP: 4/4
     1 | D:1      | Escaped the Abyss
   262 | D:1      | Reached skill level 1 in Stealth
   357 | D:1      | Found a faded altar of an unknown god.
   532 | D:1      | Reached XP level 2. HP: 18/18 MP: 5/5
   905 | D:1      | Reached skill level 2 in Stealth
  1267 | D:2      | Reached XP level 3. HP: 12/22 MP: 6/6
  2036 | D:2      | Found a blossoming altar of Fedhas.
  2498 | D:2      | Reached skill level 3 in Stealth
  2625 | D:2      | Reached *** piety under Lugonu
  2967 | D:3      | Reached XP level 4. HP: 27/27 MP: 7/7
  3321 | D:3      | Found a hazy altar of Hepliaklqana.
  3352 | D:3      | HP: 1/27 [kobold/+2 whip of distortion (7)]
  4020 | D:3      | Reached skill level 4 in Stealth
  4205 | D:4      | Noticed Menkaure
  4470 | D:4      | Found a staircase to the Ecumenical Temple.
  4687 | D:4      | Reached XP level 5. HP: 29/31 MP: 8/8
  4750 | D:4      | Killed Menkaure
  4751 | D:4      | Reached skill level 5 in Stealth
  4751 | D:4      | Reached XP level 6. HP: 36/36 MP: 9/9
  5161 | D:4      | Found Jatyis's General Store.
  5162 | D:4      | Found Givoti's Weapon Shop.
  5169 | D:4      | Bought a +2 dagger of venom for 158 gold pieces
  5252 | D:4      | Bought a scroll of teleportation for 36 gold pieces
  5348 | D:5      | Entered Level 5 of the Dungeon
  5349 | D:5      | Noticed Ijyb
  5363 | D:5      | Killed Ijyb
  5423 | D:5      | Found a runed translucent door.
  5424 | D:5      | Noticed TheBeaver's ghost (weakling DsDe)
  5473 | D:5      | Noticed an ice beast
  5497 | D:5      | Killed an ice beast
  5498 | D:5      | Reached skill level 5 in Short Blades
  5498 | D:5      | Reached skill level 6 in Stealth
  5518 | D:5      | Reached XP level 7. HP: 14/40 MP: 11/11
  5999 | D:5      | Noticed Pikel
  6036 | D:5      | Killed Pikel
  6037 | D:5      | Reached skill level 8 in Stealth
  6037 | D:5      | Reached XP level 8. HP: 8/45 MP: 11/13
  6338 | D:5      | Reached skill level 5 in Invocations
  6586 | D:5      | Noticed Duvessa
  6604 | D:5      | Noticed Dowan
  6608 | D:5      | Killed Duvessa
  6627 | D:5      | Killed Dowan
  7040 | D:5      | Killed TheBeaver's ghost
  7163 | D:6      | Found Vero Wax's Lightly-Used Armoury.
  7626 | D:6      | Reached skill level 9 in Stealth
  7987 | D:6      | Reached XP level 9. HP: 17/49 MP: 15/15
  8194 | D:6      | Bought a -3 quick blade for 1 gold piece
  8279 | D:6      | Gained mutation: Your spells are a little harder to cast,
                  | but a little more powerful. [potion of mutation]
  8279 | D:6      | HP: 2/50 [poisoned by a killer bee]
  8284 | D:6      | HP: 1/76 [poisoned by a killer bee]
  8286 | D:6      | Slain by a killer bee

Illustrated notes

Levels and vault maps discovered:
D:1:      spicycebolla_arrival_xxxplode, layout_loops_corners,
          shapermc_ecumenical_altar_mp_highgroup, minmay_large_rounded_square,
          minmay_hexomino_c4
D:2:      layout_basic, basic_altar
D:3:      layout_rooms, nicolae_overflow_hidden_temple, grunt_ministairs_7
D:4:      layout_loops_ring, temple_pool_b, nicolae_wooded_promenade,
          uniq_menkaure
D:5:      layout_basic, ebering_ghost_inner_flame, uniq_pikel, uniq_ijyb,
          uniq_duvessa
D:6:      layout_rooms, gammafunk_temple_overflow_elements, minmay_shop_damaged,
          st_stairs_14

Skill      XL: |  1  2  3  4  5  6  7  8  9 |
---------------+----------------------------+-----
Stealth        | 1 2 3 4 5 6 8 9 |  9.1
Short Blades   | 3 4 5 6 7 |  7.7
Invocations    | 3 4 6 |  6.7
Fighting       | 3 |  3.2
Armour         | |  0.7
Dodging        | |  2.4

Action                   |  1- 3 |  4- 6 |  7- 9 || total
-------------------------+-------+-------+-------++-------
Melee: Dagger            |   145 |   142 |    42 ||   329
       Short sword       |    29 |       |   152 ||   181
       Punch             |     2 |     4 |     2 ||     8
Invok: Bend Space        |       |     1 |       ||     1
       Banish            |       |     1 |       ||     1
Evoke: Wand              |       |     3 |     6 ||     9
  Use: Scroll            |     5 |     3 |     5 ||    13
       Potion            |       |     4 |     5 ||     9
 Stab: Sleeping          |     5 |     8 |     1 ||    14
       Distracted        |       |     1 |     3 ||     4
Armor: Leather armour    |    34 |    50 |    59 ||   143
       Skin              |       |     2 |     4 ||     6
Dodge: Dodged            |   126 |    93 |   105 ||   324
